 Dungeon Crawl Stone Soup version 0.18-a0-1211-g828307d (webtiles) character file.

79 ololoev the Magician (level 4, -1/24 HPs)
             Began as a Deep Elf Fire Elementalist on Feb 2, 2016.
             Slain by a gnoll
             ... wielding a +0 whip
              (6 damage)
             ... on level 4 of the Dungeon.
             The game lasted 00:07:37 (744 turns).

ololoev the Magician (Deep Elf Fire Elementalist)    Turns: 744, Time: 00:07:38

Health: -1/24      AC:  2    Str:  5    XL:     4   Next: 17%
Magic:  5/11       EV: 13    Int: 21    God:
Gold:   51         SH:  0    Dex: 15    Spells: 3 memorised, 3 levels left

rFire  . . .     SeeInvis .     (no weapon)
rCold  . . .     Gourm    .     a - +0 robe
rNeg   . . .     Faith    .     (no shield)
rPois  .         Spirit   .     (no helmet)
rElec  .         Dismiss  .     (no cloak)
rCorr  .         Reflect  .     (no gloves)
SustAt .         Harm     .     (no boots)
MR     .....                    (no amulet)
Stlth  ++........               (no ring)
                                (no ring)

@: not resistant to hostile enchantments, unstealthy
A: no striking features
a: no special abilities

Inventory:

Armour
 a - a +0 robe (worn)
Scrolls
 e - 2 scrolls of identify {unknown}
 g - a scroll of fear {unknown}
 h - a scroll of random uselessness {unknown}
 i - a scroll of magic mapping {unknown}
 j - a scroll of remove curse {unknown}
 k - a scroll of enchant weapon {unknown}
 l - a scroll of immolation {unknown}
Potions
 f - a potion of lignification {unknown}
Books
 b - a book of Flames

   Spells                             Type                      Level
   a - Flame Tongue                   Conjuration/Fire             1
   b - Throw Flame                    Conjuration/Fire             2
   c - Conjure Flame                  Conjuration/Fire             3
   d - Inner Flame                    Hexes/Fire                   3
   e - Sticky Flame                   Conjuration/Fire             4
   f - Fireball                       Conjuration/Fire             5
Comestibles
 c - 4 bread rations
 d - 4 chunks of flesh


   Skills:
 - Level 2.4 Dodging
 - Level 2.4 Stealth
 + Level 3.9 Spellcasting
 * Level 3.4 Conjurations
 + Level 3.8 Fire Magic


You had 3 spell levels left.
You knew the following spells:

 Your Spells              Type           Power        Failure   Level  Hunger
a - Flame Tongue          Conj/Fire      ###..        2%          1    None
b - Conjure Flame         Conj/Fire      ###.....     10%         3    ###....
e - Inner Flame           Hex/Fire       ##......     21%         3    ###....


You were on level 4 of the Dungeon.
You were not hungry.

You visited 1 branch of the dungeon, and saw 4 of its levels.

You collected 51 gold pieces.

#.######............#.#
#........#####.####.#.#
...####### #.# #.#.#
...'.....# #)# #.#.#
...#####.# #.####.#.#
#### #......#.# .
######.#.# ###
....########.# ....
..>.'gg@.....# ....
....########## ..## .
#.# #.# # #

Notes
Turn   | Place    | Note
--------------------------------------------------------------
     0 | D:1      | ololoev the Deep Elf Fire Elementalist began the quest for the Orb.
     0 | D:1      | Reached XP level 1. HP: 10/10 MP: 6/6
   150 | D:1      | Reached XP level 2. HP: 15/15 MP: 2/8
   420 | D:3      | Found a stormy altar of Qazlal.
   451 | D:3      | Reached XP level 3. HP: 19/19 MP: 7/9
   461 | D:3      | Learned a level 3 spell: Conjure Flame
   528 | D:3      | Noticed ololoev's ghost (weakling DEFE)
   535 | D:3      | Learned a level 3 spell: Inner Flame
   605 | D:3      | Killed ololoev's ghost
   639 | D:4      | Reached XP level 4. HP: 20/24 MP: 2/11
   744 | D:4      | Slain by a gnoll

Dungeon Overview and Level Annotations

Branches:
Dungeon (4/15)
 Temple: D:4-7

Altars:
Qazlal


Message History

You can't see any susceptible monsters within range! (Use Z to cast anyway.)
Casting: Flame Tongue
Confirm with . or Enter, or press ? or * to list all spells.
Aiming: Flame Tongue
Press: ? - help, Shift-Dir - straight line, f - gnoll
Aim: a gnoll, wielding a whip The flame tongue hits the gnoll.
The gnoll is heavily wounded.
Casting: Flame Tongue
Confirm with . or Enter, or press ? or * to list all spells.
Aiming: Flame Tongue
Press: ? - help, Shift-Dir - straight line, f/p - gnoll
Aim: a gnoll, wielding a whip (heavily wounded)
The flame tongue hits the gnoll.
The gnoll appears unharmed.
The gnoll is heavily wounded.
A gnoll comes into view. It is wielding a halberd.
Casting: Flame Tongue
Confirm with . or Enter, or press ? or * to list all spells.
Aiming: Flame Tongue
Press: ? - help, Shift-Dir - straight line, f/p - gnoll
Aim: a gnoll, wielding a whip (heavily wounded)
The flame tongue hits the gnoll.
The gnoll is almost dead.
The gnoll shouts!
The gnoll hits you with a whip.
Casting: Flame Tongue
Confirm with . or Enter, or press ? or * to list all spells.
Aiming: Flame Tongue
Press: ? - help, Shift-Dir - straight line, f/p - gnoll
Aim: a gnoll, wielding a whip (almost dead)
The flame tongue misses the gnoll.
The gnoll misses you.
Casting: Flame Tongue
Confirm with . or Enter, or press ? or * to list all spells.
Aiming: Flame Tongue
Press: ? - help, Shift-Dir - straight line, f/p - gnoll
Aim: a gnoll, wielding a whip (almost dead)
The flame tongue misses the gnoll.
The flame tongue hits the gnoll.
The gnoll is severely wounded.
The gnoll hits you with a whip.
You die...

You could see 2 gnolls.

Vanquished Creatures
  The ghost of ololoev the Magician, a weakling DEFE (D:3)
  An adder (D:4)
  A gnoll (D:1)
  A worm (D:3)
  A giant gecko (D:2)
  2 orcs
  2 bats
  A giant cockroach (D:3)
  2 goblins (D:1)
  3 hobgoblins
  2 kobolds (D:3)
  2 quokkas
  A ball python (D:3)
  A giant newt (D:3)
  A rat (D:1)
22 creatures vanquished.

Action                   |  1- 3 |  4- 6 || total
-------------------------+-------+-------++-------
Melee: Unarmed           |     2 |       ||     2
 Cast: Flame Tongue      |    38 |    11 ||    49
       Conjure Flame     |     1 |       ||     1
       Inner Flame       |     1 |       ||     1
  Use: Potion            |     1 |       ||     1

Vault maps used:
D:1:      nicolae_arrival_memento_mori, serial_bayou_lake_a
D:2:      grunt_ministairs_15, uniq_natasha
D:3:      forest_paths, minivault_19, grunt_qazlal_sundering
D:4:      first_bread
